Map: Abyssal Reef LE

Players

Resolve

  • Race: Zerg Zerg
  • League: Grandmaster
  • Spawn Location: 11:00

Maplez - Winner!

  • Race: Protoss Protoss
  • League: Master
  • Spawn Location: 5:00

VOD

Have the link to the VOD?

Description

Time

  • Played on: March 9, 2017, 9:33 p.m.
  • Length: 21:57
Show
View Real Time Build Order
Export as new Build Order

Resolve Zerg 

Build Orders: Hatch First 

Get SALT Encoding   

  12  0:00  Drone  
  13  0:08  Drone  
  14  0:18  Overlord  
  14  0:22  Extractor  
  14  0:24  Drone  
  15  0:37  Drone  
  16  0:43  Drone  
  17  0:55  Drone  
  18  1:02  Hatchery  
  17  1:05  Drone  
  18  1:18  Spawning Pool  
  17  1:21  Drone  
  18  1:26  Drone  
  18  1:29  Drone  
  20  1:39  Overlord  
  20  1:47  Extractor  
  20  1:49  Drone  
  20  2:01  Drone  
  21  2:08  Queen  
  21  2:11  Zergling x2  
  24  2:23  Zergling x2  
  24  2:24  Zergling x2  
  24  2:27  Drone  
  27  2:40  Drone x2  
  27  2:44  Queen, Drone  
  30  2:49  Overlord  
  30  2:50  Metabolic Boost  
  32  3:05  Hatchery  
  31  3:10  Drone x2  
  31  3:12  Drone  
  34  3:19  Drone x3  
  36  3:24  Zergling x4  
  37  3:33  Drone x2  
  39  3:36  Drone  
  39  3:40  Overlord  
  40  3:46  Drone  
  40  3:47  Queen  
  43  3:53  Overlord  
  43  3:54  Queen  
  43  3:55  Extractor  
  45  4:05  Overlord  
  45  4:08  Overlord  
  45  4:12  Drone x6  
  51  4:17  Overlord  
  51  4:19  Overlord  
  51  4:25  Baneling Nest  
  51  4:28  Drone x4  
  54  4:37  Overlord  
  53  4:43  Drone x5  
  57  4:48  Lair  
  57  4:50  Extractor  
  56  4:55  Drone x6  
  56  4:57  Evolution Chamber  
  61  5:02  Zergling x8  
  65  5:08  Zergling x2  
  66  5:19  Extractor  
  65  5:27  Zergling x20  
  70  5:39  Zergling x2  
  70  5:40  Zergling x8  
  68  5:49  Drone x3  
  69  5:52  Queen x3  
  69  5:55  Centrifical Hooks, Zerg Missile Weapons Level 1  
  75  5:57  Drone  
  75  5:58  Drone x4  
  80  6:07  Overlord  
  80  6:10  Drone x2  
  82  6:12  Drone  
  83  6:19  Overlord x2  
  83  6:26  Drone x3  
  83  6:27  Zergling x4  
  83  6:28  Extractor  
  83  6:29  Hydralisk Den  
  86  6:37  Zergling x6  
  89  6:44  Overlord x2  
  89  6:45  Overseer  
  89  6:46  Overseer  
  89  6:48  Overseer  
  89  6:49  Drone x3  
  89  6:52  Drone  
  93  6:55  Extractor  
  93  6:56  Extractor, Drone x3  
  93  6:57  Drone x3  
  93  7:00  Hydralisk x2, Muscular Augments  
  101  7:08  Hydralisk x2  
  101  7:11  Overlord x2  
  101  7:13  Overlord  
  105  7:19  Zergling x12  
  111  7:25  Hatchery, Overlord  
  111  7:28  Hydralisk x4  
  118  7:33  Overseer  
  118  7:35  Pneumatized Carapace  
  118  7:39  Overlord  
  118  7:41  Hydralisk x3  
  124  7:46  Zergling x6  
  124  7:48  Overlord  
  124  7:50  Hydralisk x2  
  132  7:51  Zergling x6  
  134  7:59  Overlord, Overseer  
  134  8:02  Hydralisk x2  
  138  8:12  Hydralisk x5  
  140  8:18  Baneling  
  140  8:19  Baneling x2  
  148  8:20  Zergling x2  
  148  8:21  Zergling x12  
  148  8:26  Overlord  
  155  8:29  Baneling x2  
  121  8:51  Zergling x32  
  123  9:06  Hydralisk x7  
  123  9:09  Baneling  
  134  9:10  Baneling x3  
  127  9:25  Drone x6  
  127  9:30  Drone x4  
  124  9:41  Drone x3  
  124  9:42  Drone x2  
  126  9:46  Drone x3  
  126  9:47  Drone  
  126  9:52  Hydralisk x2  
  134  10:01  Baneling x11  
  134  10:06  Zergling x10  
  134  10:07  Zergling x2  
  120  10:34  Hydralisk x6  
  120  10:35  Hydralisk  
  111  10:39  Zergling x28  
  123  10:46  Hydralisk x2  
  117  10:53  Hydralisk  
  117  10:54  Hydralisk  
  118  11:06  Zergling x14  
  121  11:12  Hydralisk  
  121  11:13  Hydralisk x4  
  129  11:31  Hydralisk  
  129  11:32  Hydralisk x4  
  139  11:33  Spore Crawler  
  139  11:35  Spine Crawler  
  137  11:40  Overlord  
  137  11:44  Drone  
  138  11:49  Hydralisk x5  
  138  11:50  Zergling x2  
  138  11:51  Zergling x12  
  155  12:06  Zerg Missile Weapons Level 2  
  155  12:09  Zergling x20  
  155  12:14  Baneling x9  
  147  12:37  Hatchery  
  141  12:51  Spore Crawler  
  141  12:53  Hydralisk x6  
  135  13:09  Hydralisk  
  135  13:10  Hydralisk x4  
  123  13:13  Zergling x2  
  104  13:20  Hydralisk x2  
  92  13:29  Zergling x10  
  95  13:40  Drone x5  
  96  13:50  Hydralisk x2  
  100  14:08  Baneling x8  
  99  14:13  Hatchery  
  92  14:40  Overlord  
  92  14:42  Hydralisk x7  
  106  14:47  Zergling x2  
  106  14:49  Zergling x6  
  109  15:08  Hydralisk  
  109  15:09  Hydralisk x4  
  119  15:16  Zergling x2  
  119  15:17  Zergling x6  
  122  15:26  Lurker Den  
  117  15:32  Zergling x2  
  117  15:33  Zergling x12  
  124  15:41  Drone x4  
  124  15:42  Drone  
  128  15:56  Baneling x16  
  128  15:57  Baneling  
  128  15:58  Baneling  
  95  16:26  Hydralisk x9  
  99  16:39  Hydralisk x2  
  79  16:44  Zergling x4  
  77  16:52  Hydralisk  
  76  17:05  Drone  
  76  17:06  Drone x5  
  80  17:28  Drone x7  
  85  17:34  Lurker  
  85  17:35  Lurker  
  85  17:36  Lurker  
  88  17:38  Lurker  
  86  18:12  Hydralisk x7  
  100  18:26  Hydralisk x4  
  86  18:59  Lurker x12  
  86  19:00  Lurker x2  
  98  19:09  Hydralisk  
  100  19:32  Hatchery  
  96  19:57  Hydralisk x4  
  83  20:19  Hydralisk  
  83  20:20  Hydralisk x3  
  85  21:10  Lurker x8  
  84  21:30  Hatchery  
Show
View Real Time Build Order
Export as new Build Order

Maplez Protoss - Winner!

Build Orders: 1 Gate Expand 

Get SALT Encoding   

  12  0:01  Probe (Chrono Boost)  
  13  0:11  Probe (Chrono Boost)  
  14  0:19  Pylon  
  14  0:22  Probe (Chrono Boost)  
  15  0:37  Probe (Chrono Boost)  
  15  0:39  Gateway  
  16  0:48  Probe (Chrono Boost)  
  17  0:50  Assimilator  
  17  0:58  Probe (Chrono Boost)  
  18  1:09  Probe (Chrono Boost)  
  19  1:12  Pylon  
  19  1:19  Probe (Chrono Boost)  
  20  1:34  Nexus  
  20  1:39  Probe (Chrono Boost)  
  21  1:50  Cybernetics Core  
  21  1:53  Probe (Chrono Boost)  
  22  1:55  Zealot  
  24  2:11  Probe (Chrono Boost)  
  24  2:12  Assimilator  
  25  2:21  Pylon  
  26  2:23  Probe (Chrono Boost)  
  26  2:24  Adept  
  26  2:27  Warp Gate  
  29  2:44  Probe (Chrono Boost)  
  29  2:45  Twilight Council  
  29  2:47  Adept  
  31  2:54  Probe (Chrono Boost)  
  31  2:58  Probe (Chrono Boost)  
  33  3:04  Pylon  
  33  3:05  Probe (Chrono Boost)  
  34  3:11  Resonating Glaives  
  34  3:12  Probe (Chrono Boost)  
  35  3:15  Probe (Chrono Boost)  
  36  3:24  Probe (Chrono Boost)  
  38  3:28  Probe (Chrono Boost)  
  38  3:36  Probe (Chrono Boost)  
  38  3:38  Adept  
  38  3:40  Probe (Chrono Boost)  
  40  3:46  Probe (Chrono Boost)  
  41  3:52  Probe (Chrono Boost), Pylon  
  42  3:57  Probe (Chrono Boost), Gateway  
  42  3:58  Gateway  
  44  4:04  Probe (Chrono Boost)  
  44  4:06  Pylon  
  44  4:08  Mothership Core (Chrono Boost)  
  46  4:16  Probe (Chrono Boost)  
  47  4:26  Probe (Chrono Boost)  
  47  4:28  Probe (Chrono Boost)  
  49  4:35  Nexus  
  49  4:36  Probe (Chrono Boost)  
  50  4:43  Probe (Chrono Boost)  
  50  4:46  Adept  
  50  4:49  Probe (Chrono Boost)  
  50  4:51  Assimilator  
  50  4:52  Assimilator  
  53  4:55  Adept x2, Probe (Chrono Boost)  
  53  4:58  Pylon  
  59  5:01  Probe (Chrono Boost)  
  59  5:05  Robotics Facility  
  59  5:07  Forge  
  59  5:11  Probe (Chrono Boost)  
  59  5:13  Probe (Chrono Boost)  
  61  5:17  Sentry  
  61  5:18  Adept  
  61  5:19  Sentry  
  67  5:23  Probe (Chrono Boost)  
  67  5:25  Probe (Chrono Boost)  
  67  5:26  Pylon  
  67  5:27  Protoss Ground Weapons Level 1  
  68  5:36  Probe (Chrono Boost)  
  68  5:37  Probe (Chrono Boost)  
  67  5:47  Immortal, Sentry x3  
  67  5:48  Probe (Chrono Boost)  
  67  5:49  Probe (Chrono Boost)  
  73  5:55  Blink  
  73  5:58  Probe (Chrono Boost)  
  73  6:00  Probe (Chrono Boost)  
  73  6:02  Probe (Chrono Boost)  
  76  6:10  Adept x2  
  76  6:11  Adept  
  83  6:12  Probe (Chrono Boost)  
  83  6:14  Probe (Chrono Boost)  
  84  6:21  Pylon  
  84  6:25  Immortal  
  84  6:28  Gateway  
  84  6:29  Gateway  
  88  6:35  Stalker x2  
  88  6:38  Pylon  
  92  6:43  Stalker  
  92  6:46  Gateway x2  
  94  6:49  Gateway  
  94  6:51  Gateway  
  94  7:00  Gateway  
  94  7:01  Gateway, Sentry x2  
  94  7:06  Protoss Ground Weapons Level 2  
  94  7:07  Warp Prism  
  98  7:11  Probe x2 (Chrono Boost)  
  102  7:16  Stalker  
  102  7:21  Pylon  
  104  7:27  Stalker x2  
  108  7:32  Pylon  
  108  7:41  Adept x2, Warp Prism  
  108  7:43  Adept  
  116  7:52  Nexus  
  116  7:56  Pylon  
  116  8:03  Adept x4  
  116  8:04  Probe (Chrono Boost)  
  125  8:07  Pylon  
  125  8:17  Adept x2  
  125  8:18  Adept x2  
  133  8:24  Pylon  
  133  8:25  Robotics Bay  
  133  8:36  Adept x4  
  133  8:37  Adept  
  93  8:56  Adept x7  
  93  8:57  Adept x3  
  109  9:07  Protoss Ground Weapons Level 3  
  109  9:09  Disruptor  
  108  9:17  Adept x3  
  108  9:18  Adept x4  
  122  9:29  Adept x3  
  108  9:45  Probe x3 (Chrono Boost)  
  107  9:53  Probe (Chrono Boost)  
  107  9:55  Assimilator x2  
  107  9:56  Adept  
  107  9:57  Adept x5, Probe (Chrono Boost)  
  107  9:58  Warp Prism  
  123  10:09  Probe (Chrono Boost), Assimilator  
  123  10:10  Assimilator  
  124  10:21  Adept  
  124  10:22  Adept x5  
  119  10:33  Adept  
  119  10:34  Adept x3  
  111  10:37  Disruptor  
  115  10:43  Probe (Chrono Boost)  
  103  10:51  Adept  
  103  10:52  Adept x4  
  109  11:04  Pylon  
  109  11:05  Adept x5  
  109  11:08  Disruptor  
  116  11:11  Probe (Chrono Boost)  
  116  11:13  Mothership Core (Chrono Boost)  
  119  11:27  Stalker  
  119  11:28  Stalker x5  
  119  11:32  Protoss Ground Armor Level 1  
  131  11:37  Probe (Chrono Boost)  
  132  11:52  Adept x7  
  132  11:53  Adept  
  148  11:57  Pylon  
  147  12:15  Adept  
  149  12:16  Adept x2  
  149  12:17  Adept x4  
  157  12:30  Disruptor  
  144  12:37  Stalker x6  
  144  12:43  Pylon  
  136  13:07  Adept x10  
  106  13:21  Disruptor  
  85  13:41  Adept x8  
  85  13:42  Adept x2, Templar Archives  
  99  13:52  Disruptor  
  99  14:02  Adept x3  
  102  14:08  Adept x4  
  113  14:11  Psionic Storm  
  113  14:22  High Templar x4  
  119  14:26  Archon  
  119  14:27  Archon  
  119  14:42  Adept x2  
  119  14:43  Adept x4  
  131  15:09  Stargate  
  131  15:13  High Templar x5  
  131  15:14  Stalker x5  
  132  15:44  Adept x4  
  132  15:49  Nexus  
  140  15:52  Pylon  
  140  15:53  Stalker  
  140  15:54  Stalker x3  
  142  15:59  Oracle  
  121  16:31  Adept  
  116  16:36  Adept  
  112  16:54  Adept x9  
  124  17:17  High Templar x6  
  136  17:24  Archon x2  
  136  17:25  Archon  
  136  17:27  Disruptor  
  136  17:28  Oracle  
  135  17:33  Adept x3  
  135  17:34  Adept  
  146  17:42  Assimilator  
  146  17:43  Assimilator  
  146  17:45  Photon Cannon  
  146  17:46  Photon Cannon  
  142  17:58  Disruptor  
  145  18:11  Adept x7  
  159  18:26  Nexus  
  159  18:29  Disruptor  
  146  18:57  Stalker  
  146  18:58  Stalker x9  
  162  19:04  Protoss Ground Armor Level 2  
  162  19:06  Pylon  
  162  19:24  Charge  
  162  19:28  Dark Shrine  
  162  19:37  Zealot x4  
  136  20:24  Oracle  
  137  20:42  Dark Templar x3  
  139  20:43  Dark Templar x7  
  151  21:15  Archon x4  
  151  21:16  Archon  
  151  21:21  Adept x2  
  151  21:22  Adept x8, Nexus  
  151  21:23  Pylon  
Tags
 
Add a new tag
Caveats
  • Supply blocks, unpowered buildings, or Contaminate may cause inaccurate times.
  • Supply counts are checked every 10 seconds.